 Dungeon Crawl Stone Soup version 0.30-a0-728-gc68057be0a (webtiles) character file.

Game seed: 17325049693315848888

32 porpoise the Magician (level 3, -2/28 HPs)
             Began as a Djinni Air Elementalist on Feb 1, 2023.
             Killed from afar by an orc wizard (8 damage)
             ... with a magic dart
             ... on level 2 of the Dungeon.
             The game lasted 00:07:51 (1259 turns).

porpoise the Magician (Djinni Air Elementalist)     Turns: 1259, Time: 00:07:52

Health: -2/28      AC:  2    Str:  7    XL:     3   Next: 42%
Gold:   80         EV: 12    Int: 18    God:
                   SH:  0    Dex: 13

rFire   + + .      SeeInvis .    a - +0 spear
rCold   x . .      Faith    .    (no shield)
rNeg    . . .      Spirit   .    h - +0 robe
rPois   ∞          Reflect  .    (no helmet)
rElec   .          Harm     .    (no cloak)
rCorr   .          Rampage  .    (no gloves)
Will    .....                    (boots unavailable)
Stlth   ++                       (no amulet)
HPRegen 0.24/turn                (no ring)
MPRegen 0.00/turn                (no ring)

@: brilliant, flying
A: sickness immunity, fire resistance 2, cold vulnerability 1, float, innate
caster, HP casting, extra vitality 1
a: no special abilities


You were on level 2 of the Dungeon.
You visited 1 branch of the dungeon, and saw 2 of its levels.

You collected 80 gold pieces.

Inventory:

Hand Weapons
 a - a +0 spear (weapon)
 b - a +0 sling
Missiles
 f - 3 poisoned darts
Armour
 h - a +0 robe (worn)
Scrolls
 c - 2 scrolls of teleportation
 e - a scroll of identify {unknown}
 j - a scroll of fear {unknown}
Potions
 g - a potion of magic


   Skills:
 + Level 1.8 Fighting
 - Level 2.1 Dodging
 - Level 1.5 Stealth
 + Level 2.9 Spellcasting


You couldn't memorise any spells.
You knew the following spells:

 Your Spells              Type           Power      Damage    Failure   Level
a - Shock                 Conj/Air       76%        1d7       4%          1
b - Static Discharge      Conj/Air       38%        2-4/arc   8%          2
c - Swiftness             Air            19%        N/A       14%         3
d - Airstrike             Air            9%         2d(2-18)  43%         4
e - Sandblast             Erth           38%        2d10      4%          1
Your spell library was empty.

Dungeon Overview and Level Annotations

Branches:
Dungeon (2/15)

Altars:

Shops:
D:1 ?


Innate Abilities, Weirdness & Mutations

You are immune to sickness and miasma.
You are immune to poison.
Your flesh is very heat resistant. (rF++)
You are vulnerable to cold. (rC-)
You float through the air rather than walking.
You learn spells naturally, not from books.
Your magical power is your life essence.
You have superior vitality. (+4 MHP)


Message History

You are confused.
You're too confused to cast spells.
You are too confused!
Unknown command.
Unknown command.
It was a potion of brilliance.
You feel clever all of a sudden.
It was a potion of heal wounds.
You feel much better. The worm closely misses you.
You hit the worm.
The worm is lightly wounded.
The worm bites you.
You hit the worm.
The worm is moderately wounded.
The orc wizard hits you with a +0 dagger.
The orc wizard attacks as you move away!
The orc wizard closely misses you. The worm bites you!
The orc wizard barely misses you.
You barely miss the orc wizard.
You feel less confused. The orc wizard casts a spell at you.
You are confused.
You hit the orc wizard but do no damage.
The orc wizard hits you but does no damage.
The worm closely misses you.
The orc wizard hits you but does no damage.
You hit the orc wizard but do no damage.
The orc wizard hits you but does no damage.
The worm bites you!
* * * LOW HITPOINT WARNING * * *
Okay, then.
You are too confused!
Unknown command.
Unknown command.
You closely miss the orc wizard.
The orc wizard hits you but does no damage.
You feel less confused. The orc wizard casts a spell at you.
The magic dart hits you!
You die...

. ## # #.. # #.# #
###########.##########
########...........#.......##
.......#...........#.......##
......)#.....................
.......'....@........†.......
......†#....o......#......†##
..)....#....w†.....#.......##
.......#...........#.......##
o#######...........#.......##
#...........##########
#............... #
##########.##### #.#


You could see a worm and an orc wizard.

Vanquished Creatures
  An orc (D:2)
  An endoplasm (D:1)
  2 giant cockroaches (D:1)
  5 goblins
  3 hobgoblins (D:1)
  2 kobolds
  6 ball pythons
  5 bats
  2 frilled lizards
  A rat (D:2)
28 creatures vanquished.

Notes
Turn   | Place    | Note
-------+----------+-------------------------------------------
     0 | D:1      | porpoise the Djinni Air Elementalist began the quest for
                  | the Orb.
     0 | D:1      | porpoise set off with the following spells memorised:
                  | Shock, Static Discharge, Swiftness, Airstrike.
     0 | D:1      | Reached XP level 1. HP: 15/15 MP: 0/0
   331 | D:1      | Found Ykuprol's Magic Scroll Boutique.
   358 | D:1      | Reached skill level 1 in Fighting
   358 | D:1      | Reached XP level 2. HP: 17/22 MP: 0/0
   857 | D:1      | Reached XP level 3. HP: 27/27 MP: 0/0
   857 | D:1      | Learned a level 1 spell: Sandblast
  1259 | D:2      | Killed from afar by an orc wizard

Illustrated notes

Levels and vault maps discovered:
D:1:      minmay_arrival_nine_rooms, layout_loops_corners, serial_shops,
          nicolae_shop_hallway_plus, minmay_unequal
D:2:      layout_basic, dreamdust_ecumenical_altar_angels_and_demons,
          minmay_tromino_v4_b, uniq_terence, uniq_jessica

Skill      XL: |  1 |
---------------+----+-----
Fighting       | 1 |  1.8
Dodging        | |  2.1
Stealth        | |  1.5
Spellcasting   | |  2.9

Action                     || total
---------------------------++-------
  Melee: Spear             ||    10
   Fire: Sling             ||     1
   Cast: Shock             ||    35
         Static Discharge  ||     2
    Use: Scroll            ||     1
         Potion            ||     2
   Stab: Sleeping          ||     2
 Armour: Robe              ||     7
  Dodge: Dodged            ||    10

Table legend: (Time is in decaauts)
 A = Elapsed time spent in this place.
 B = Non-inter-level travel time spent in this place.
 C = Inter-level travel time spent in this place.
 D = Time resting spent in this place.
 E = Time spent auto-exploring this place.
 F = Levels seen in this place.
 G = Mean time per level.
                   A        B        C        D        E       F      G
               +--------+--------+--------+--------+--------+-----+--------+
         Total |   1259 |   1206 |     53 |    108 |    856 |   2 |  629.5 |
       Dungeon |   1259 |   1206 |     53 |    108 |    856 |   2 |  629.5 |
               +--------+--------+--------+--------+--------+-----+--------+

Top non-repeatable levels by time:
     D:1: 1145 daAuts
     D:2: 113 daAuts
